 Dungeon Crawl Stone Soup version 0.17.1-2-g5865329 (webtiles) character file.

407 Origami the Archer (level 6, -6/48 HPs)
             Began as a Centaur Hunter on Feb 11, 2016.
             Mangled by Gomorra's ghost (11 damage)
             ... on level 4 of the Dungeon.
             The game lasted 00:20:48 (4255 turns).

Origami the Archer (Centaur Hunter)                 Turns: 4255, Time: 00:20:49

Health: -6/48      AC:  9    Str: 14    XL:     6   Next: 57%
Magic:  6/6        EV:  7    Int: 10    God:
Gold:   163        SH:  0    Dex: 12    Spells: 0 memorised, 5 levels left

rFire  + . .     SeeInvis .     a - +1 shortbow
rCold  . . .     Clarity  .     i - +1 scale mail {rF+}
rNeg   . . .     SustAt   .     (shield currently unavailable)
rPois  .         Gourm    .     m - +1 helmet
rElec  .         Spirit   .     (no cloak)
rCorr  .         Warding  .     (no gloves)
rMut   .         Stasis   .     (no barding)
MR     .....                    (no amulet)
Stlth  ..........               (no ring)
                                (no ring)

@: very quick, not resistant to hostile enchantments, extremely unstealthy
A: hooves 3, deformed body, speed 2, tough skin 3
a: no special abilities


You were on level 4 of the Dungeon.
You were not hungry.

You visited 1 branch of the dungeon, and saw 4 of its levels.

You collected 163 gold pieces.

Inventory:

Hand Weapons
 a - a +1 shortbow (weapon)
 b - a +0 short sword
 c - a +1 falchion of holy wrath
Missiles
 d - 25 arrows (quivered)
 o - 24 arrows of flame
Armour
 i - a +1 scale mail of fire resistance (worn)
 m - a +1 helmet (worn)
Scrolls
 f - 2 scrolls of amnesia
 g - 3 scrolls of identify
 h - a scroll of recharging {unknown}
 l - a scroll of teleportation
 p - a scroll of remove curse {unknown}
Potions
 j - a potion of flight {unknown}
 n - a potion of magic {unknown}
Comestibles
 e - a bread ration
 k - 2 fruits
 q - 3 chunks of flesh


   Skills:
 + Level 2.1 Fighting
 * Level 9.8 Bows
 + Level 0.7 Armour
 + Level 2.0 Dodging
 - Level 0.5 Stealth


You had 5 spell levels left.
You didn't know any spells.

Dungeon Overview and Level Annotations

Branches:
Dungeon (4/15)
 Temple: D:4-7

Altars:

Annotations:
D:4 Gomorra's ghost, novice HOBe


Innate Abilities, Weirdness & Mutations

You have hooves in place of feet.
Armour fits poorly on your strangely shaped body.
You cover ground very quickly.
You have extremely tough skin (AC +3).


Message History

Aim: Gomorra's ghost (heavily damaged)
You shoot an arrow.
The arrow hits Gomorra's ghost but does no damage.
Gomorra's ghost is heavily damaged.
Gomorra's ghost hits you but does no damage.
Firing (i - inventory. (,) - cycle):
d - 27 arrows (quivered)
Press: ? - help, Shift-Dir - straight line, f/p - Gomorra's ghost
Aim: Gomorra's ghost (heavily damaged)
You shoot an arrow.
The arrow hits Gomorra's ghost but does no damage.
Gomorra's ghost is heavily damaged.
Gomorra's ghost hits you but does no damage.
Firing (i - inventory. (,) - cycle):
d - 26 arrows (quivered)
Press: ? - help, Shift-Dir - straight line, f/p - Gomorra's ghost
Aim: Gomorra's ghost (heavily damaged)
You shoot an arrow.
The arrow hits Gomorra's ghost but does no damage.
Gomorra's ghost is heavily damaged.
Gomorra's ghost hits you!
You die...

#....[.(..##....
###....(#.# ....
##......#.# ...
#.......#.#
#..#.)..#.#
.....#.#..#.#
........#..#.#
...#.####.W#.#
.# # #...@[.#
#.#.#<.#
#.......>......
##.>#.##.###...
#..#.# .# # #.
#.. .. #. .#.
... . ... ....


You could see Gomorra's ghost.

Vanquished Creatures
  A giant frog (D:4)
  The ghost of Jerry the Magician, a weakling OpWz (D:3)
  An iguana (D:4)
  An orc wizard (D:4)
  Terence (D:2)
  Robin (D:2)
  8 adders
  2 oozes (D:2)
  2 worms
  2 giant geckos
  16 orcs
  A ball python (D:1)
  12 bats
  4 giant cockroaches
  8 hobgoblins
  15 jackals
  4 quokkas
  3 giant newts
  12 goblins
  8 kobolds
  14 rats
117 creatures vanquished.

Notes
Turn   | Place    | Note
--------------------------------------------------------------
     0 | D:1      | Origami the Centaur Hunter began the quest for the Orb.
     0 | D:1      | Reached XP level 1. HP: 17/17 MP: 1/1
     4 | D:1      | Noticed an electric eel
     5 | D:1      | Noticed an electric eel
   241 | D:1      | Reached XP level 2. HP: 24/24 MP: 2/2
   296 | D:1      | Reached skill level 6 in Bows
   764 | D:2      | Noticed Terence
   790 | D:2      | Killed Terence
   790 | D:2      | Reached XP level 3. HP: 6/29 MP: 3/3
  1160 | D:2      | Reached skill level 7 in Bows
  1380 | D:2      | Reached XP level 4. HP: 34/36 MP: 4/4
  1816 | D:2      | Noticed Robin
  1820 | D:2      | Killed Robin
  2058 | D:2      | Reached XP level 5. HP: 36/41 MP: 5/5
  2120 | D:2      | Reached skill level 8 in Bows
  2485 | D:3      | Noticed Jerry's ghost (weakling OpWz)
  2494 | D:3      | Killed Jerry's ghost
  3298 | D:3      | Reached skill level 9 in Bows
  3531 | D:3      | Reached XP level 6. HP: 31/48 MP: 6/6
  3654 | D:3      | Found a faded altar to an unknown god.
  4196 | D:4      | Noticed Gomorra's ghost (novice HOBe)
  4255 | D:4      | Mangled by Gomorra's ghost

Action                   |  1- 3 |  4- 6 || total
-------------------------+-------+-------++-------
Melee: Short sword       |    50 |    13 ||    63
 Fire: Shortbow          |    81 |   315 ||   396
  Use: Potion            |     3 |     1 ||     4
       Scroll            |     1 |     3 ||     4
  Eat: Chunk             |     1 |     6 ||     7
       Bread ration      |       |     1 ||     1
